Map: Ruins of Seras

Players

OneProKid

  • Race: Zerg Zerg

Dog

  • Race: Zerg Zerg
  • League: Platinum

Angelus

  • Race: Terran Terran

kane

  • Race: Terran Terran

VOD

Have the link to the VOD?

Description

help us

Time

  • Played on: Nov. 12, 2015, 4:33 p.m.
  • Length: 17:15
Show
View Real Time Build Order
Export as new Build Order

OneProKid Zerg 

Build Orders: Hatch First 

Get SALT Encoding   

  12  0:05  Drone  
  13  0:15  Drone  
  14  0:25  Extractor  
  14  0:28  Drone x2, Extractor  
  13  0:34  Overlord  
  16  0:52  Drone x2  
  18  1:02  Drone  
  19  1:13  Drone  
  19  1:15  Hatchery  
  19  1:18  Extractor  
  19  1:24  Spawning Pool  
  19  1:25  Drone  
  18  1:33  Drone  
  19  1:44  Drone  
  20  1:52  Hatchery  
  19  1:57  Drone  
  20  2:08  Drone  
  21  2:17  Overlord  
  21  2:20  Metabolic Boost  
  21  2:34  Queen x2  
  25  2:37  Zergling x2  
  25  2:39  Zergling x2  
  27  2:46  Zergling x2  
  28  3:04  Zergling x4  
  30  3:24  Drone x3  
  33  3:29  Drone  
  33  3:30  Drone x2  
  33  3:32  Drone x3  
  39  3:47  Extractor  
  38  3:48  Drone  
  38  3:49  Drone x2  
  41  3:56  Zergling x2  
  41  3:59  Overlord  
  41  4:00  Overlord  
  42  4:17  Overlord  
  42  4:19  Drone x4  
  42  4:20  Drone  
  42  4:22  Drone x3  
  49  4:35  Drone  
  49  4:36  Drone  
  51  4:40  Lair  
  51  4:41  Evolution Chamber  
  50  4:46  Roach Warren  
  50  4:50  Drone  
  50  4:51  Drone x2, Baneling Nest  
  51  4:59  Zergling x6  
  53  5:01  Drone x3  
  53  5:06  Extractor  
  55  5:10  Extractor  
  55  5:11  Zergling x8  
  57  5:22  Drone x2  
  57  5:25  Drone x3  
  62  5:42  Hatchery  
  62  5:45  Drone x3  
  64  5:50  Hatchery, Zerg Ground Armor Level 1  
  63  5:58  Hydralisk Den  
  63  5:59  Glial Reconstitution  
  63  6:01  Infestation Pit, Roach x3  
  64  6:10  Overseer  
  63  6:15  Queen  
  63  6:17  Overlord x2  
  63  6:18  Queen  
  66  6:36  Drone  
  66  6:37  Drone  
  66  6:39  Drone x3  
  71  6:41  Drone  
  71  6:42  Drone  
  73  6:59  Spore Crawler  
  73  7:00  Spore Crawler  
  71  7:14  Drone x7  
  71  7:15  Drone x4  
  82  7:18  Zergling x12  
  82  7:21  Baneling x3  
  82  7:22  Baneling x11  
  88  7:23  Baneling  
  88  7:34  Drone x3  
  88  7:35  Drone x3  
  94  7:38  Overlord  
  94  7:39  Overlord  
  85  7:57  Overseer  
  78  8:15  Drone  
  78  8:16  Drone x3  
  77  8:43  Drone x4  
  77  8:44  Drone x4  
  85  8:49  Spore Crawler x2  
  85  8:51  Spore Crawler  
  85  8:53  Drone  
  83  9:18  Extractor x2  
  81  9:26  Drone x3  
  81  9:27  Drone x12  
  81  9:28  Drone  
  97  9:45  Zerg Ground Armor Level 2  
  97  9:48  Hive  
  97  9:50  Extractor  
  96  9:53  Extractor  
  95  10:03  Drone x3  
  98  10:12  Centrifical Hooks  
  98  10:16  Muscular Augments  
  98  10:21  Evolution Chamber  
  98  10:22  Drone  
  98  10:28  Zergling x2  
  98  10:29  Hydralisk, Zergling x18  
  98  10:32  Overlord x3  
  98  10:33  Overlord x7  
  109  10:36  Baneling x2  
  109  10:37  Baneling x3  
  109  10:38  Baneling  
  109  10:39  Baneling x2  
  109  10:40  Baneling  
  108  10:53  Hydralisk x9  
  108  10:54  Hydralisk x6  
  108  10:55  Zergling x2, Hydralisk, Zerg Melee Weapons Level 1  
  108  10:56  Zergling x8  
  145  11:00  Roach x2  
  149  11:05  Roach x2  
  153  11:22  Ultralisk Cavern  
  92  11:47  Hydralisk x5  
  92  11:48  Hydralisk x13  
  92  11:49  Hydralisk x4  
  92  11:51  Zergling x2  
  120  12:11  Hydralisk x2  
  120  12:12  Zergling x2  
  120  12:13  Zergling x24  
  127  12:44  Hydralisk x2  
  127  12:45  Zergling x6  
  127  12:46  Zergling x24  
  127  12:47  Zergling x8  
  127  12:50  Spire  
  147  12:52  Chitinous Plating  
  137  13:02  Zerg Ground Armor Level 3  
  137  13:07  Drone  
  137  13:08  Zerg Missile Weapons Level 1  
  137  13:12  Drone, Overseer  
  122  13:25  Hydralisk  
  122  13:26  Hydralisk x5  
  123  13:27  Zergling x2  
  123  13:28  Zergling x6  
  120  13:44  Hatchery  
  120  13:55  Drone x2  
  120  13:56  Drone x3  
  123  14:07  Corruptor  
  123  14:08  Corruptor x2  
  129  14:10  Corruptor  
  131  14:18  Baneling x7  
  131  14:19  Baneling  
  131  14:28  Ultralisk  
  137  14:39  Ultralisk  
  142  14:54  Ultralisk  
  142  14:59  Ultralisk  
  154  15:19  Ultralisk, Corruptor  
  154  15:20  Corruptor x2  
  166  15:21  Zergling x2  
  167  15:30  Zergling x14  
  167  15:31  Zergling x2  
  155  15:55  Zergling x10  
  155  15:56  Zergling x18  
  155  15:57  Zergling x12  
  160  16:07  Hatchery  
  154  16:16  Zergling x2  
  154  16:17  Zergling x16  
  157  16:39  Hatchery  
  133  16:53  Zergling x10  
  133  16:54  Zergling x24  
Show
View Real Time Build Order
Export as new Build Order

Dog Zerg 

Build Orders:  

Get SALT Encoding   

  12  0:01  SCV  
  13  0:14  SCV  
  14  0:18  Supply Depot  
  14  0:26  SCV  
  15  0:40  SCV  
  15  0:41  Barracks  
  16  0:48  Refinery  
  16  0:52  SCV  
  17  1:04  SCV  
  18  1:17  SCV  
  19  1:30  Orbital Command  
  19  1:37  Reaper  
  20  1:48  Command Center  
  20  1:56  Supply Depot  
  20  1:59  SCV  
  21  2:11  SCV  
  21  2:14  Factory  
  22  2:23  SCV  
  22  2:25  Barracks Reactor  
  23  2:35  SCV  
  24  2:40  Bunker  
  24  2:48  SCV  
  25  2:51  Refinery  
  25  3:02  SCV  
  25  3:04  Starport  
  25  3:05  Supply Depot  
  25  3:08  Orbital Command  
  25  3:14  Hellion  
  25  3:15  Hellion  
  25  3:18  SCV  
  30  3:20  Barracks Tech Lab  
  29  3:30  SCV  
  29  3:33  Supply Depot  
  30  3:35  Hellion  
  30  3:38  SCV  
  33  3:43  SCV  
  34  3:56  SCV x2  
  34  3:58  Hellion x2  
  34  4:00  Supply Depot, Cloaking Field  
  40  4:06  Banshee  
  40  4:09  SCV  
  44  4:10  SCV  
  45  4:18  Widow Mine x2  
  45  4:21  SCV  
  50  4:26  SCV  
  50  4:30  Supply Depot  
  51  4:34  SCV  
  52  4:44  Barracks Tech Lab  
  52  4:48  Barracks  
  52  4:49  Barracks  
  52  4:56  SCV  
  52  4:57  SCV  
  54  5:02  Banshee  
  54  5:04  Marauder  
  59  5:08  Widow Mine x2  
  59  5:10  SCV x2  
  59  5:12  Refinery  
  65  5:14  Refinery  
  59  5:22  SCV  
  59  5:24  Supply Depot  
  60  5:37  Command Center  
  60  5:41  SCV x2  
  64  5:43  Marauder  
  64  5:45  Barracks Tech Lab  
  64  5:46  Stimpack  
  64  5:48  Barracks Reactor  
  64  5:53  SCV  
  64  5:55  Banshee  
  64  5:56  Widow Mine x2  
  74  6:04  Marauder  
  74  6:10  Supply Depot, SCV  
  74  6:11  SCV  
  76  6:16  Marine  
  76  6:17  Combat Shields, Engineering Bay  
  76  6:18  Engineering Bay  
  77  6:23  SCV  
  78  6:28  Marine x2  
  78  6:29  Marine  
  78  6:33  Marine  
  78  6:34  Barracks  
  78  6:35  SCV, Barracks  
  78  6:37  SCV  
  81  6:46  Marine  
  82  6:49  Terran Infantry Weapons Level 1, Terran Infantry Armor Level 1, Marine  
  82  6:52  Factory Reactor  
  82  6:53  Armory  
  83  7:03  Supply Depot x2, SCV  
  83  7:05  Marine  
  83  7:06  Marine  
  83  7:07  Marauder  
  88  7:10  Refinery, Medivac  
  88  7:13  Refinery, Medivac  
  88  7:15  SCV  
  93  7:35  Marine x2  
  96  7:41  Barracks Reactor  
  96  7:42  Supply Depot  
  96  7:43  Supply Depot, Marine x2  
  96  7:44  Widow Mine x2  
  97  7:45  Medivac  
  97  7:46  Barracks Reactor  
  97  7:49  SCV  
  97  7:50  SCV  
  105  7:52  Orbital Command  
  105  8:01  SCV, Marauder x2  
  105  8:02  Marine x2  
  105  8:04  Medivac  
  114  8:08  Starport  
  114  8:10  Terran Vehicle And Ship Armor Level 1  
  114  8:12  Supply Depot  
  114  8:15  SCV x2  
  116  8:22  SCV  
  117  8:27  Marine x2  
  117  8:28  Marine, Marauder x2  
  117  8:30  Medivac  
  126  8:35  Marine  
  126  8:40  Supply Depot, SCV  
  127  8:42  Supply Depot, Concussive Shells  
  127  8:45  Marine x2  
  129  8:50  Marauder x2  
  133  8:56  Marine  
  133  9:00  Starport Reactor  
  134  9:04  Supply Depot  
  134  9:05  Command Center  
  134  9:07  Marine  
  135  9:11  Marine x2, Liberator x2, Marauder  
  135  9:12  Marine  
  135  9:14  Terran Infantry Weapons Level 2  
  135  9:15  SCV, Terran Infantry Armor Level 2  
  141  9:17  SCV  
  141  9:19  SCV, Liberator  
  141  9:20  Liberator  
  143  9:24  Marine x2  
  151  9:36  Supply Depot  
  157  9:41  Marine  
  157  9:42  Marine x2, Marauder  
  162  9:47  Supply Depot  
  162  9:49  Supply Depot, SCV  
  162  9:50  SCV  
  164  9:54  Liberator x2  
  164  10:02  Liberator  
  164  10:03  Liberator  
  164  10:09  Supply Depot  
  164  10:11  Supply Depot  
  164  10:12  Supply Depot  
  170  10:15  Terran Vehicle And Ship Armor Level 2  
  170  10:18  Orbital Command  
  176  10:38  Marauder, Marine x2  
  176  10:39  Marine x2  
  176  10:40  Marauder  
  184  10:49  Supply Depot x2, Liberator x2, Marine x2  
  186  10:55  Supply Depot x2  
  186  11:00  Marauder  
  186  11:01  Marauder  
  186  11:04  Refinery  
  190  11:05  Marine x2  
  190  11:08  Widow Mine  
  200  11:23  Marauder  
  153  11:35  Marine x2  
  153  11:36  Marine x5  
  153  11:39  Terran Infantry Weapons Level 3  
  157  11:40  Terran Infantry Armor Level 3  
  157  11:44  Marine  
  140  11:52  Liberator x2  
  140  11:53  Marine x3  
  140  11:54  Marine  
  138  12:07  Marauder x2, Marine x2  
  146  12:10  Medivac x2  
  146  12:13  Hellion x2  
  158  12:19  Barracks  
  158  12:20  Barracks  
  152  12:27  Marine x6  
  152  12:28  Marine  
  147  12:39  Marine  
  147  12:40  Hellion x2  
  147  12:43  Liberator x3  
  148  12:44  Marine x2, Liberator  
  148  12:45  Marine  
  147  12:57  Marine x5  
  144  13:02  Hellion x2, Marine x2  
  144  13:03  Marine  
  161  13:09  Marine x2  
  161  13:12  SCV  
  160  13:14  Marine  
  160  13:15  Marine  
  144  13:23  Hellion, Marine x3  
  123  13:34  Hellion  
  123  13:36  Liberator x2  
  123  13:37  Supply Depot, Liberator x2  
  123  13:43  Marine x6  
  123  13:44  Marine x4  
  123  13:48  Supply Depot  
  135  13:49  SCV  
  150  14:00  Marine  
  150  14:01  Refinery, Marine x2  
  151  14:07  Barracks Reactor x2  
  151  14:09  Starport  
  147  14:10  Marine x4  
  147  14:11  Marine  
  147  14:14  Command Center  
  152  14:19  Barracks  
  152  14:21  Barracks  
  152  14:23  Marine x3  
  155  14:27  SCV  
  155  14:28  Hi-Sec Auto Tracking  
  155  14:29  Marauder  
  155  14:30  Marauder  
  160  14:38  Building Armor  
  160  14:39  SCV x3  
  160  14:45  Marine x7  
  167  14:46  Marine  
  167  14:47  Siege Tank  
  167  14:48  Medivac x2  
  167  14:50  Marauder  
  167  14:51  Marauder  
  182  14:54  Marine x2  
  184  15:01  Refinery  
  184  15:05  Refinery  
  184  15:13  Marine x5  
  184  15:14  Marine  
  190  15:19  Marine x4  
  156  15:53  Marine x3  
  156  15:54  Marine x2  
  116  15:59  Marine x3  
  116  16:00  Marine x2, Marauder x2  
  114  16:06  Marine x2  
  114  16:11  Marine  
  109  16:13  Marine x3  
  102  16:21  Marauder x2, Orbital Command, Marine x2  
  102  16:22  Marine  
  102  16:23  Marine  
  101  16:40  Marine x3  
  101  16:42  Marauder, Marine x5  
  101  16:43  Marauder  
Show
View Real Time Build Order
Export as new Build Order

Angelus Terran 

Build Orders:  

Get SALT Encoding   

Show
View Real Time Build Order
Export as new Build Order

kane Terran 

Build Orders:  

Get SALT Encoding   

Tags
 
Add a new tag
Caveats
  • Supply blocks, unpowered buildings, or Contaminate may cause inaccurate times.
  • Supply counts are checked every 10 seconds.